 Dungeon Crawl Stone Soup version 0.25-a0-1078-gea6e5d949a (webtiles) character file.

Game seed: 7216006771660552696, levelgen mode: deterministic

21 Maedhros the Sneak (level 2, 0/18 HPs)
             Began as an Octopode Artificer on May 15, 2020.
             Succumbed to an adder's poison
             ... on level 6 of the Dungeon.
             The game lasted 00:02:28 (511 turns).

Maedhros the Sneak (Octopode Artificer)              Turns: 511, Time: 00:02:28

Health: 0/18       AC:  1    Str: 11    XL:     2   Next: 87%
Magic:  4/4        EV: 13    Int: 13    God:
Gold:   66         SH:  0    Dex: 12    Spells: 1/1 levels left

rFire    . . .     SeeInvis .   a - +0 short sword
rCold    . . .     Gourm    .   (no shield)
rNeg     . . .     Faith    .   (helmet restricted)
rPois    .         Spirit   .   (no amulet)
rElec    .         Reflect  .   (no ring)
rCorr    .         Harm     .   (no ring)
MR       .....                  (no ring)
Stlth    +++.......             (no ring)
HPRegen  0.06/turn              (no ring)
MPRegen  0.09/turn              (no ring)
                                (no ring)
                                (no ring)

@: lethally poisoned (0 -> -3), berserk cooldown, slowed, invisible, very slow
A: almost no armour, stealthy swim, amphibious, 8 rings, constrict 8, camouflage
1, gelatinous body 1
a: no special abilities


You were on level 6 of the Dungeon.
You were not hungry.

You visited 1 branch of the dungeon, and saw 6 of its levels.

You collected 66 gold pieces.

Inventory:

Hand Weapons
 a - a +0 short sword (weapon)
Missiles
 e - 18 poisoned darts (quivered)
 i - 3 silver javelins
 l - 2 curare-tipped darts
Wands
 b - a wand of flame (13)
 c - a wand of enslavement (6)
 d - a wand of random effects (15)
Scrolls
 j - a scroll of teleportation {unknown}
Potions
 h - a potion of invisibility
 k - 2 potions of heal wounds {unknown}
Comestibles
 f - 3 rations


   Skills:
 - Level 1.0 Fighting
 - Level 1.0 Short Blades
 - Level 2.0 Dodging
 - Level 4.0 Stealth
 + Level 0.1 Unarmed Combat
 - Level 3.2 Evocations


You had one spell level left.
You didn't know any spells.
Your spell library contained the following spells:

 Spells                   Type           Power        Failure   Level  Hunger
 Magic Dart               Conj           #...         30%         1    ##.....
 Blink                    Tloc           N/A          43%         2    ###....
 Call Imp                 Summ           #.......     43%         2    ###....
 Slow                     Hex            #.......     43%         2    ###....
 Conjure Flame            Conj/Fire      #.......     67%         3    ####...
 Mephitic Cloud           Conj/Pois/Air  #.......     67%         3    ####...


Dungeon Overview and Level Annotations

Branches:
Dungeon (6/15)
 Temple: D:4-7

Altars:
Okawaru
The Shining One


Innate Abilities, Weirdness & Mutations

You cannot wear most types of armour.
You are very stealthy in the water. (Stealth+)
You are amphibious.
You can wear up to eight rings at the same time.
You can use your tentacles to constrict eight enemies at once.
Your skin changes colour to match your surroundings (Stealth+).
Your rubbery body absorbs attacks. (AC +1, EV +1)


Message History

* * * LOW HITPOINT WARNING * * *
You feel sick.
It was a potion of berserk rage.
A red film seems to cover your vision as you go berserk!
You feel yourself moving faster!
You feel mighty!
You are too berserk!
There is a lethal amount of poison in your body!
You feel a strong urge to attack something.
* * * LOW HITPOINT WARNING * * *
You feel sick.
You feel your anger nearly subside.
You are no longer berserk.
You pass out from exhaustion.
You feel yourself slow down.
* * * LOW HITPOINT WARNING * * *
You feel sick.
You can move again.
Unknown command.
It was a potion of invisibility.
You fade into invisibility!
You die...

.#.##
#.[.. ..#.
... ..
########.#
#......$.#
#@.# #.S#
...# ##.##
#.# ..#
###


You could see a friendly adder (charmed).

Vanquished Creatures
  2 orcs (D:5)
  A bat (D:2)
  A giant cockroach (D:4)
  A hobgoblin (D:2)
  A quokka (D:5)
6 creatures vanquished.

Vanquished Creatures (collateral kills)
  7 orcs
  A rat (D:3)
8 creatures vanquished.

Vanquished Creatures (others)
  An adder (D:3)
  An orc (D:5)
2 creatures vanquished.

Grand Total: 16 creatures vanquished

Notes
Turn   | Place    | Note
-------+----------+-------------------------------------------
     0 | D:1      | Maedhros the Octopode Artificer began the quest for the
                  | Orb.
     0 | D:1      | Reached XP level 1. HP: 13/13 MP: 3/3
    71 | D:2      | Reached skill level 2 in Stealth
   101 | D:3      | Noticed an orc wizard
   178 | D:4      | Found an iron altar of Okawaru.
   340 | D:5      | Entered Level 5 of the Dungeon
   362 | D:5      | Reached skill level 3 in Stealth
   362 | D:5      | Reached XP level 2. HP: 14/18 MP: 4/4
   385 | D:5      | Found a glowing golden altar of the Shining One.
   403 | D:5      | Noticed a scorpion
   444 | D:5      | Reached skill level 4 in Stealth
   511 | D:6      | Succumbed to an adder's poison

Illustrated notes

Levels and vault maps discovered:
D:1:      minmay_arrival_four_loops, layout_basic, grunt_decor_resistance,
          minivault_5
D:2:      layout_loops_cross, chequers_ecumenical_altar_grove
D:3:      layout_rooms, ebering_ghost_rock_garden, cheibrodos_sewer_entry_drain,
          first_ration, minivault_23, uniq_jessica
D:4:      layout_loops_cross, okawaru_altar_gauntlet_db, uniq_edmund
D:5:      layout_basic, basic_altar
D:6:      layout_loops_cross, zin_academy, trog_butcher_becter

Skill      XL: |  1  2 |
---------------+-------+-----
Stealth        | 3 4 |  4.0
Fighting       | |  1.0
Short Blades   | |  1.0
Dodging        | |  2.0
Unarmed Combat | |  0.1
Evocations     | |  3.2

Action                   || total
-------------------------++-------
Melee: Short sword       ||    20
       Constrict         ||     6
       Tentacles         ||     2
Evoke: Wand              ||    11
  Use: Potion            ||     2
 Stab: Sleeping          ||     1
Armor: Skin              ||     3
Dodge: Dodged            ||    24

Table legend:
 A = Non-vault XP
 B = Vault XP
 C = Vault XP percentage of total XP
 D = Non-vault monster count
 E = Vault monster count
 F = Vault count percentage of total count
                 A         B        C        D         E       F
            +---------+---------+-------+---------+---------+-------
      Total |      31 |       0 |   0.0 |      14 |       0 |   0.0
            +---------+---------+-------+---------+---------+-------
        D:2 |       4 |       0 |   0.0 |       2 |       0 |   0.0
        D:3 |       3 |       0 |   0.0 |       2 |       0 |   0.0
        D:4 |       2 |       0 |   0.0 |       1 |       0 |   0.0
        D:5 |      22 |       0 |   0.0 |       9 |       0 |   0.0
            +---------+---------+-------+---------+---------+-------
